 Dungeon Crawl Stone Soup version 0.32-a0-996-gb3226c233f (webtiles) character file.

Game seed: 11582463714281684237

35 packetloss the Conjurer (level 3, -1/24 HPs)
             Began as a Human Conjurer on Apr 23, 2024.
             Slain by Crazy Yiuf
             ... wielding a +3 quarterstaff of chaos
              (2 damage)
             ... on level 2 of the Dungeon.
             The game lasted 00:03:30 (1713 turns).

packetloss the Conjurer (Human Conjurer)            Turns: 1713, Time: 00:03:30

Health: -1/24      AC:  2    Str:  7    XL:     3   Next: 33%
Magic:  3/7        EV: 11    Int: 20    God:
Gold:   160        SH:  0    Dex: 11    Spells: 4/7 levels left

rFire   . . .        e - +0 short sword
rCold   . . .        (no shield)
rNeg    . . .        a - +0 robe
rPois   .            (no helmet)
rElec   .            (no cloak)
rCorr   .            (no gloves)
SInv    .            (no boots)
Will    .....        (no amulet)
Stlth   ++           (no ring)
HPRegen 0.24/turn    (no ring)
MPRegen 0.10/turn

%: no passive effects
@: no status effects
A: explore regen
a: no special abilities


You were on level 2 of the Dungeon.
You visited 1 branch of the dungeon, and saw 2 of its levels.

You collected 160 gold pieces.

Inventory:

Hand Weapons
 e - a +0 short sword (weapon)
Missiles
 g - 6 poisoned darts
 h - 22 stones
Armour
 a - a +0 robe (worn)
 i - a +0 ring mail
 s - a +0 helmet
Wands
 o - a wand of mindburst (16)
Scrolls
 j - 2 scrolls of amnesia {unknown}
 m - 3 scrolls of vulnerability {unknown}
 n - a scroll of immolation {unknown}
 q - a scroll of noise {unknown}
Potions
 b - a potion of magic
 c - a potion of lignification {unknown}
 d - a potion of might {unknown}
 f - a potion of attraction {unknown}
 k - a potion of brilliance {unknown}
 l - 3 potions of curing {unknown}
 p - a potion of enlightenment {unknown}
 r - a potion of heal wounds {unknown}


   Skills:
 - Level 2.0 Dodging
 - Level 2.0 Stealth
 + Level 2.8 Spellcasting
 + Level 4.5 Conjurations


You had 4 spell levels left.
You knew the following spells:

 Your Spells              Type           Power      Damage    Failure   Level
a - Magic Dart            Conj           84%        1d7       2%          1
b - Searing Ray           Conj           42%        2d6       3%          2

Your spell library contained the following spells:

 Spells                   Type           Power      Damage    Failure   Level
 Sting                    Conj/Alch      44%        1d5       6%          1
 Mercury Vapours          Alch/Air       4%         N/A       22%         2
 Call Canine Familiar     Summ           2%         N/A       41%         3
 Sigil of Binding         Hex            2%         N/A       41%         3
 Fulminant Prism          Conj/Alch      5%         3d7       50%         4
 Iskenderun's Mystic Bla Conj/Tloc 11%            2d4        (+2d2     50%         4
 Dimensional Bullseye     Hex/Tloc       1%         N/A       82%         4
 Olgreb's Toxic Radiance  Alch           2%         N/A       82%         4


Dungeon Overview and Level Annotations

Branches:
Dungeon (2/15)

Altars:

Annotations:
D:2 Crazy Yiuf


Innate Abilities, Weirdness & Mutations

You regain HP and MP as you explore.


Message History

Casting: Magic Dart (safe; 2% risk of failure)
Confirm with . or Enter, or press ? or * to list all spells.
Aiming: Magic Dart (safe; 2% risk of failure)
Press: ? - help, Shift-Dir - straight line, f - kobold
Aim: a kobold, wielding a +0 short sword (wandering, hasn't noticed you, 100% to hit)
The magic dart hits the kobold.
The kobold is severely wounded.
Casting: Magic Dart (safe; 2% risk of failure)
Confirm with . or Enter, or press ? or * to list all spells.
Aiming: Magic Dart (safe; 2% risk of failure)
Press: ? - help, Shift-Dir - straight line, f/p - kobold
Aim: a kobold, wielding a +0 short sword (severely wounded, 100% to hit)
The magic dart hits the kobold.
You kill the kobold!
You now have 160 gold pieces (gained 7).
There is a stone staircase leading down here.
You see here a +0 short sword.
Found a runed translucent door.
You see here a +0 hammer.
You open the door.
Casting: Magic Dart (safe; 2% risk of failure)
Confirm with . or Enter, or press ? or * to list all spells.
Aiming: Searing Ray (safe; 3% risk of failure)
Press: ? - help, Shift-Dir - straight line, f - Crazy Yiuf
Aim: Crazy Yiuf, wielding a +3 quarterstaff of chaos and wearing a +1 cloak of stealth (81% to hit)
The searing ray misses Crazy Yiuf. (Press . to maintain the ray.) Crazy Yiuf cries, "Ghoul testudinal blue!"
Crazy Yiuf closely misses you.
The searing ray hits Crazy Yiuf.
Crazy Yiuf is moderately wounded.
Crazy Yiuf says, "Mountain!
Race pontify disdain."
Crazy Yiuf hits you with a +3 quarterstaff of chaos!
Ouch! That really hurt!
The searing ray hits Crazy Yiuf!
Crazy Yiuf is severely wounded.
Crazy Yiuf hits you with a +3 quarterstaff of chaos!
* * * LOW HITPOINT WARNING * * *
You convulse.
You die...

#... ... ###.# .##.###
.##... .....#####♣♣♣♣♣
.#......#..)♣.♣♣♣ ###
.#........P..♣).♣#))÷#
.#...#....PP♣♣♣♣@g...#
.....##.#.P♣♣ ♣♣#).)#
.##>.#####♣♣ ###
.##..# .##..# .##..#
### ###..############
#.# ###.......#.....#
#.# ........#.#.###.#
#.#


You could see Crazy Yiuf.

Vanquished Creatures
  A dart slug (D:1)
  4 endoplasms
  2 giant cockroaches (D:1)
  2 hobgoblins (D:1)
  4 jackals (D:1)
  3 ball pythons (D:1)
  4 bats (D:1)
  A frilled lizard (D:2)
  5 kobolds
  5 rats (D:1)
31 creatures vanquished.

Notes
Turn   | Place    | Note
-------+----------+-------------------------------------------
     0 | D:1      | packetloss the Human Conjurer began the quest for the Orb.
     0 | D:1      | Reached XP level 1. HP: 13/13 MP: 3/3
    50 | D:1      | HP: 3/13 [frozen (4)]
    55 | D:1      | HP: 2/13 [endoplasm (2)]
    67 | D:1      | HP: 2/13 [endoplasm (2)]
   348 | D:1      | Reached XP level 2. HP: 19/19 MP: 1/5
   351 | D:1      | Learned a level 2 spell: Searing Ray
   819 | D:1      | Reached XP level 3. HP: 24/24 MP: 4/6
  1706 | D:2      | Found a runed translucent door.
  1707 | D:2      | Noticed Crazy Yiuf
  1713 | D:2      | HP: 1/24 [Crazy Yiuf/+3 quarterstaff of chaos (9)]
  1713 | D:2      | Slain by Crazy Yiuf

Illustrated notes

Levels and vault maps discovered:
D:1:      dpeg_arrival_boxorama, layout_loops_ring, minmay_3d_cube
D:2:      layout_basic, corner_web_ring, minmay_misc_feat_more_columns,
          uniq_crazy_yiuf_cottage

Action                     || total
---------------------------++-------
  Melee: Unarmed           ||     4
         Short sword       ||     9
   Cast: Magic Dart        ||    54
         Searing Ray       ||     2
 Armour: Robe              ||    11
  Dodge: Dodged            ||    17

Table legend: (Time is in decaauts)
 A = Elapsed time spent in this place.
 B = Non-inter-level travel time spent in this place.
 C = Inter-level travel time spent in this place.
 D = Time resting spent in this place.
 E = Time spent auto-exploring this place.
 F = Levels seen in this place.
 G = Mean time per level.
                   A        B        C        D        E       F      G
               +--------+--------+--------+--------+--------+-----+--------+
         Total |   1712 |   1664 |     48 |    463 |    849 |   2 |  856.0 |
       Dungeon |   1712 |   1664 |     48 |    463 |    849 |   2 |  856.0 |
               +--------+--------+--------+--------+--------+-----+--------+

Top non-repeatable levels by time:
     D:1: 1297 daAuts
     D:2: 414 daAuts
